BSA
SEATTLE PIKES @ KANSAS CITY KINGS
03/20/2024
 
TOP OF THE 1ST
Seattle Pikes batting - Pitching for Kansas City Kings : RHP Cipriano Montáñez
Pitching: RHP Cipriano Montáñez
Batting: LHB Bruno Lalonde 0-0: Fly out, F9 (Flyball, 9D)
Batting: RHB John Anderson 0-0: Called Strike
0-1: Ground out 4-3 (Groundball, 4)
Batting: LHB Eduardo Gómez 0-0: Ball
1-0: Called Strike
1-1: Foul Ball, location: 2F
1-2: Foul Ball, location: 2F
1-2: SOLO HOME RUN (Flyball, 9D), Distance : 391 ft
Batting: LHB Luka Lagerweij 0-0: Called Strike
0-1: Ball
1-1: Foul Ball, location: 2F
1-2: Ball
2-2: Strikes out swinging
Top of the 1st over - 1 run(s), 1 hit(s), 0 error(s), 0 left on base; Seattle 1 - Kansas City 0
BOTTOM OF THE 1ST
Kansas City Kings batting - Pitching for Seattle Pikes : RHP António Rijo
Pitching: RHP António Rijo
Batting: RHB Chris Chandler 0-0: Ball
1-0: Ball
2-0: Called Strike
2-1: Foul Ball, location: 2F
2-2: Foul Ball, location: 2F
2-2: Ball
3-2: Ground out 5-3 (Groundball, 5S)
Batting: RHB Aaron Scott 0-0: Ball
1-0: Called Strike
1-1: Swinging Strike
1-2: Ball
2-2: Ball
3-2: Strikes out swinging
Batting: SHB Greg Welch 0-0: Called Strike
0-1: Foul Ball, location: 2F
0-2: Ground out 4-3 (Groundball, 4)
Bottom of the 1st over - 0 run(s), 0 hit(s), 0 error(s), 0 left on base; Seattle 1 - Kansas City 0
TOP OF THE 2ND
Seattle Pikes batting - Pitching for Kansas City Kings : RHP Cipriano Montáñez
Batting: LHB Chad Weaver 0-0: Called Strike
0-1: Called Strike
0-2: Ground out U3 (Groundball, 3)
Batting: SHB Jong-min Kim 0-0: Called Strike
0-1: Foul Ball, location: 2F
0-2: Ground out U3 (Groundball, 3L)
Batting: SHB António Hernández 0-0: Ball
1-0: Swinging Strike
1-1: Ball
2-1: Fly out, F8 (Flyball, 78M)
Top of the 2nd over - 0 run(s), 0 hit(s), 0 error(s), 0 left on base; Seattle 1 - Kansas City 0
BOTTOM OF THE 2ND
Kansas City Kings batting - Pitching for Seattle Pikes : RHP António Rijo
Batting: LHB Vic Robertson 0-0: Ball
1-0: Foul Ball, location: 2F
1-1: Foul Ball, location: 2F
1-2: Strikes out swinging
Batting: LHB Marc Nichols 0-0: Ball
1-0: Ball
2-0: Ball
3-0: Called Strike
3-1: Called Strike
3-2: DOUBLE (Flyball, 8LXD)
Batting: RHB Alonso Ramos 0-0: Ball
1-0: Ground out 5-3 (Groundball, 56S)
Marc Nichols to third
Batting: LHB Ethan Marshall 0-0: Swinging Strike
0-1: TRIPLE (Flyball, 8RXD)
Marc Nichols scores
Batting: LHB Matt Smith 0-0: Ball
1-0: Ball
2-0: Called Strike
2-1: Ball
3-1: Called Strike
3-2: Foul Ball, location: 2F
3-2: Foul Ball, location: 2F
3-2: Base on Balls
Batting: RHB Dave Parker 0-0: DOUBLE (Flyball, 78XD)
Ethan Marshall scores
Matt Smith to third
Runner from 3rd tries for Home, SAFE, throw made at trailing runner, SAFE at third!
Batting: RHB Chris Chandler 0-0: Fly out, F7 (Flyball, 78S)
Bottom of the 2nd over - 3 run(s), 3 hit(s), 0 error(s), 1 left on base; Seattle 1 - Kansas City 3
TOP OF THE 3RD
Seattle Pikes batting - Pitching for Kansas City Kings : RHP Cipriano Montáñez
Batting: RHB Arnold Harmon 0-0: Fly out, F8 (Flyball, 8LS)
Batting: RHB Henning Huisman 0-0: Ball
1-0: Called Strike
1-1: Foul Ball, location: 2F
1-2: Ball
2-2: DOUBLE (Line Drive, 5D)
Batting: LHB Bruno Lalonde 0-0: Ball
1-0: Ground out 6-3 (Groundball, 56)
Batting: RHB John Anderson 0-0: Ball
1-0: Swinging Strike
1-1: Ball
2-1: DOUBLE (Flyball, 7D)
Henning Huisman scores
Batting: LHB Eduardo Gómez 0-0: Called Strike
0-1: Called Strike
0-2: Foul Ball, location: 2F
0-2: Ball
1-2: Ground out 1-3 (Groundball, 15)
Top of the 3rd over - 1 run(s), 2 hit(s), 0 error(s), 1 left on base; Seattle 2 - Kansas City 3
BOTTOM OF THE 3RD
Kansas City Kings batting - Pitching for Seattle Pikes : RHP António Rijo
Batting: RHB Aaron Scott 0-0: Called Strike
0-1: Called Strike
0-2: Ball
1-2: Foul Ball, location: 2F
1-2: Foul Ball, location: 2F
1-2: Ball
2-2: Ball
3-2: Strikes out swinging
Batting: SHB Greg Welch 0-0: Ball
1-0: Foul Ball, location: 2F
1-1: Ball
2-1: Foul Ball, location: 2F
2-2: Strikes out swinging
Batting: LHB Vic Robertson 0-0: Foul Ball, location: 2F
0-1: Ball
1-1: Ball
2-1: Foul Ball, location: 2F
2-2: SINGLE (Line Drive, 78S)
Batting: LHB Marc Nichols 0-0: Called Strike
0-1: Fly out, F7 (Flyball, 7M)
Bottom of the 3rd over - 0 run(s), 1 hit(s), 0 error(s), 1 left on base; Seattle 2 - Kansas City 3
TOP OF THE 4TH
Seattle Pikes batting - Pitching for Kansas City Kings : RHP Cipriano Montáñez
Batting: LHB Luka Lagerweij 0-0: Called Strike
0-1: Foul Ball, location: 2F
0-2: Foul Ball, location: 2F
0-2: Ball
1-2: SINGLE (Line Drive, 34)
Batting: LHB Chad Weaver 0-0: Called Strike
0-1: Ball
1-1: Ball
2-1: Ball
3-1: Fly out, F8 (Flyball, 8RD)
Batting: SHB Jong-min Kim 0-0: Ball
1-0: Called Strike
1-1: Ball
2-1: Foul Ball, location: 2F
2-2: Ball
3-2: SINGLE (Line Drive, 78S)
Luka Lagerweij to second
Batting: SHB António Hernández 0-0: Called Strike
0-1: Ball
1-1: Ball
2-1: 3-RUN HOME RUN (Flyball, 7LD), Distance : 349 ft
Batting: RHB Arnold Harmon 0-0: Ball
1-0: Ball
2-0: Called Strike
2-1: Swinging Strike
2-2: Ball
3-2: Ground out 1-3 (Groundball, 23)
Batting: RHB Henning Huisman 0-0: Ball
1-0: Swinging Strike
1-1: Foul Ball, location: 2F
1-2: Ball
2-2: Ball
3-2: Strikes out swinging
Top of the 4th over - 3 run(s), 3 hit(s), 0 error(s), 0 left on base; Seattle 5 - Kansas City 3
BOTTOM OF THE 4TH
Kansas City Kings batting - Pitching for Seattle Pikes : RHP António Rijo
Batting: RHB Alonso Ramos 0-0: Called Strike
0-1: Swinging Strike
0-2: Ball
1-2: Strikes out swinging
Batting: LHB Ethan Marshall 0-0: Fly out, F2 (Popup, 2LF)
Batting: LHB Matt Smith 0-0: SINGLE (Line Drive, 8RS)
Batting: RHB Dave Parker 0-0: Fly out, F4 (Line Drive, 4)
Bottom of the 4th over - 0 run(s), 1 hit(s), 0 error(s), 1 left on base; Seattle 5 - Kansas City 3
TOP OF THE 5TH
Seattle Pikes batting - Pitching for Kansas City Kings : RHP Cipriano Montáñez
Pitching: LHP Raúl Sandoval
Batting: LHB Bruno Lalonde 0-0: Ball
1-0: Fly out, F6 (Popup, 6MD)
Batting: RHB John Anderson 0-0: Ball
1-0: Ball
2-0: Foul Ball, location: 2F
2-1: Ball
3-1: Foul Ball, location: 2F
3-2: Foul Ball, location: 2F
3-2: SINGLE (Line Drive, 34D)
Batting: LHB Eduardo Gómez 0-0: Ball
1-0: Called Strike
1-1: Foul Ball, location: 2F
1-2: Grounds into double play, 1-4-3 (Groundball, 15)
Top of the 5th over - 0 run(s), 1 hit(s), 0 error(s), 0 left on base; Seattle 5 - Kansas City 3
BOTTOM OF THE 5TH
Kansas City Kings batting - Pitching for Seattle Pikes : RHP António Rijo
Pitching: RHP Howard Joyce
Batting: RHB Chris Chandler 0-0: Fly out, F8 (Flyball, 8LS)
Batting: RHB Aaron Scott 0-0: Ball
1-0: Ball
2-0: Ball
3-0: Base on Balls
Batting: SHB Greg Welch 0-0: Swinging Strike
0-1: Foul Ball, location: 2F
0-2: Grounds into double play, 4-6-3 (Groundball, 34)
Bottom of the 5th over - 0 run(s), 0 hit(s), 0 error(s), 0 left on base; Seattle 5 - Kansas City 3
TOP OF THE 6TH
Seattle Pikes batting - Pitching for Kansas City Kings : LHP Raúl Sandoval
Batting: LHB Luka Lagerweij 0-0: Ground out 6-3 (Groundball, 6MS)
Batting: LHB Chad Weaver 0-0: Swinging Strike
0-1: Ball
1-1: Swinging Strike
1-2: Ball
2-2: Ball
3-2: SINGLE (Groundball, 56D)
Batting: SHB Jong-min Kim 0-0: Ball
1-0: Foul Ball, location: 2F
1-1: Grounds into double play, 4-6-3 (Groundball, 4)
Top of the 6th over - 0 run(s), 1 hit(s), 0 error(s), 0 left on base; Seattle 5 - Kansas City 3
BOTTOM OF THE 6TH
Kansas City Kings batting - Pitching for Seattle Pikes : RHP Howard Joyce
Batting: LHB Vic Robertson 0-0: Called Strike
0-1: Called Strike
0-2: SOLO HOME RUN (Flyball, 8LXD), Distance : 435 ft
Batting: LHB Marc Nichols 0-0: Ball
1-0: Ball
2-0: Ball
3-0: Base on Balls
Pitching: RHP Júlio Torres
Batting: RHB Alonso Ramos 0-0: Fly out, F7 (Flyball, 7LM)
Batting: LHB Ethan Marshall 0-0: Ground out 5-3 (Groundball, 56)
Marc Nichols to second
Batting: LHB Matt Smith 0-0: Ball
1-0: Ball
2-0: Ball
3-0: Called Strike
3-1: Reached on error, E5 (Groundball, 5S)
Marc Nichols to third
Batting: RHB Dave Parker 0-0: Foul Ball, location: 2F
0-1: SINGLE (Flyball, 7S)
Marc Nichols scores
Matt Smith to second
Pinch Hitting: RHB Adrian Prouse 0-0: Swinging Strike
0-1: Called Strike
0-2: Foul Ball, location: 2F
0-2: Foul Ball, location: 2F
0-2: Ball
1-2: Ball
2-2: SINGLE (Groundball, 4M) (infield hit)
Matt Smith to third
Dave Parker to second
Pinch Hitting: RHB Tim Chambers 0-0: Fly out, F7 (Flyball, 78S)
Bottom of the 6th over - 2 run(s), 3 hit(s), 1 error(s), 3 left on base; Seattle 5 - Kansas City 5
TOP OF THE 7TH
Seattle Pikes batting - Pitching for Kansas City Kings : LHP Raúl Sandoval
Pitching: LHP Víctor Soto
Now at 2B: Tim Chambers
Now at SS: Miguel Hernández
Pinch Hitting: RHB Manuel Rico 0-0: Foul Ball, location: 2F
0-1: Swinging Strike
0-2: Ball
1-2: SINGLE (Line Drive, 78S)
Pinch Hitting: RHB António Ortega 0-0: Called Strike
0-1: Grounds into double play, 6-4-3 (Groundball, 6M)
Pinch Hitting: RHB Lorenzo Ayala 0-0: Called Strike
0-1: Foul Ball, location: 2F
0-2: Ball
1-2: Ball
2-2: Foul Ball, location: 2F
2-2: Strikes out swinging
Top of the 7th over - 0 run(s), 1 hit(s), 0 error(s), 0 left on base; Seattle 5 - Kansas City 5
BOTTOM OF THE 7TH
Kansas City Kings batting - Pitching for Seattle Pikes : RHP Júlio Torres
Now at 2B: Naomi Kitamura
Now at 3B: Iván Gonzáles
Now in RF: Lorenzo Ayala
Batting: SHB Greg Welch 0-0: Ball
1-0: Ball
2-0: Ball
3-0: Called Strike
3-1: Foul Ball, location: 2F
3-2: Foul Ball, location: 2F
3-2: Base on Balls
Pinch Hitting: RHB Toshimichi Kono 0-0: Ball
1-0: Grounds into double play, U6-3 (Groundball, 6)
Pinch Hitting: LHB Michael Cook 0-0: Ground out 4-3 (Groundball, 4M)
Bottom of the 7th over - 0 run(s), 0 hit(s), 0 error(s), 0 left on base; Seattle 5 - Kansas City 5
TOP OF THE 8TH
Seattle Pikes batting - Pitching for Kansas City Kings : LHP Víctor Soto
Now in LF: Mike Petersen
Now in RF: Michael Cook
Pinch Hitting: RHB Dave Morgan 0-0: Ball
1-0: Called Strike
1-1: Foul Ball, location: 2F
1-2: SINGLE (Line Drive, 9LM)
Pinch Runner at 1st Randy Sheppard:
Batting: RHB John Anderson 0-0: Ball
1-0: Grounds into double play, 5-4-3 (Groundball, 56)
Pinch Hitting: RHB Wallace Greene 0-0: Ground out 5-3 (Groundball, 56)
Top of the 8th over - 0 run(s), 1 hit(s), 0 error(s), 0 left on base; Seattle 5 - Kansas City 5
BOTTOM OF THE 8TH
Kansas City Kings batting - Pitching for Seattle Pikes : RHP Júlio Torres
Pitching: RHP Kenshin Kubota
Now at 1B: Reynold Akker
Now in CF: Randy Sheppard
Batting: RHB Alonso Ramos 0-0: Ball
1-0: SINGLE (Groundball, 4D)
Pinch Hitting: RHB Steve Brown 0-0: Called Strike
Alonso Ramos is caught stealing 2nd base
0-1: Swinging Strike
0-2: Strikes out looking
Batting: RHB Ron James 0-0: Ball
1-0: Foul Ball, location: 2F
1-1: Swinging Strike
1-2: Ground out 4-3 (Groundball, 4)
Bottom of the 8th over - 0 run(s), 1 hit(s), 0 error(s), 0 left on base; Seattle 5 - Kansas City 5
TOP OF THE 9TH
Seattle Pikes batting - Pitching for Kansas City Kings : LHP Víctor Soto
Pitching: LHP Rob Lucas
Now at 1B: Benito Minardi
Batting: RHB Dennis Stephenson 0-0: Called Strike
0-1: Foul Ball, location: 2F
0-2: Ball
1-2: Ball
2-2: Strikes out swinging
Pinch Hitting: RHB George Howard 0-0: Called Strike
0-1: Ball
1-1: Foul Ball, location: 2F
1-2: Foul Ball, location: 2F
1-2: Ground out 6-3 (Groundball, 6)
Pinch Hitting: RHB Tae-kwon Kwon 0-0: Called Strike
0-1: Ball
1-1: Foul Ball, location: 2F
1-2: Fly out, F8 (Flyball, 8LD)
Top of the 9th over - 0 run(s), 0 hit(s), 0 error(s), 0 left on base; Seattle 5 - Kansas City 5
BOTTOM OF THE 9TH
Kansas City Kings batting - Pitching for Seattle Pikes : RHP Kenshin Kubota
Now at SS: George Howard
Now in LF: Emílio Bruno
Pinch Hitting: SHB Víctor Serrano 0-0: SINGLE (Groundball, 34D)
Batting: RHB Miguel Hernández 0-0: Sac Bunt - play at first, batter OUT! 2-3
Víctor Serrano to second
Batting: RHB Tim Chambers 0-0: Ball
1-0: Ball
2-0: Ground out 6-3 (Groundball, 6MS)
Víctor Serrano to third
Pinch Hitting: RHB Shigemasa Ishida 0-0: Foul Ball, location: 2F
0-1: Ball
1-1: Ball
2-1: Ground out 6-3 (Groundball, 6)
Bottom of the 9th over - 0 run(s), 1 hit(s), 0 error(s), 1 left on base; Seattle 5 - Kansas City 5
TOP OF THE 10TH
Seattle Pikes batting - Pitching for Kansas City Kings : LHP Rob Lucas
Now at C: Víctor Serrano
Now at 3B: Shigemasa Ishida
Batting: RHB Naomi Kitamura 0-0: Called Strike
0-1: Ball
1-1: Ball
2-1: Ball
3-1: Called Strike
3-2: SINGLE (Groundball, 56D)
Batting: RHB Iván Gonzáles 0-0: Foul Ball, location: 2F
0-1: Ball
1-1: Ball
2-1: Ball
3-1: 2-RUN HOME RUN (Flyball, 9D), Distance : 387 ft
Pitching: RHP Larry Jackson
Batting: RHB Lorenzo Ayala 0-0: Ball
1-0: Ball
2-0: SINGLE (Groundball, 4MD)
Pitching: RHP Felipe Rodríguez
Batting: RHB Randy Sheppard 0-0: Foul Ball, location: 2F
0-1: SINGLE (Line Drive, 6D)
Lorenzo Ayala to second
Pitching: RHP Kyoshi Asano
Pinch Hitting: LHB Brandon Cummings 0-0: Called Strike
0-1: Ball
1-1: Called Strike
1-2: Strikes out swinging
Pitching: LHP Francisco Morales
Batting: RHB Reynold Akker 0-0: Ball
1-0: Called Strike
1-1: Ball
2-1: Fly out, F4 (Popup, 34)
Pitching: LHP Zi-jun Chou
Batting: RHB Dennis Stephenson 0-0: Ball
1-0: Ground out 5-3 (Groundball, 56S)
Top of the 10th over - 2 run(s), 4 hit(s), 0 error(s), 2 left on base; Seattle 7 - Kansas City 5
BOTTOM OF THE 10TH
Kansas City Kings batting - Pitching for Seattle Pikes : RHP Kenshin Kubota
Pitching: RHP José Salinas
Now at C: Robert Johnson
Batting: LHB Mike Petersen 0-0: Foul Ball, location: 2F
0-1: Ground out U3 (Groundball, 3)
Batting: LHB Michael Cook 0-0: Called Strike
0-1: Ball
1-1: Ball
2-1: Swinging Strike
2-2: SINGLE (Groundball, 4MD)
Batting: RHB Alonso Ramos 0-0: Grounds into double play, 6-4-3 (Groundball, 6)
Bottom of the 10th over - 0 run(s), 1 hit(s), 0 error(s), 0 left on base; Seattle 7 - Kansas City 5
This league is powered by Out of the Park Baseball, the baseball management simulation game for PC, Mac and Linux
Saturday, April 9th, 2016 - OOTP Baseball 16.8 Build 38